 Dungeon Crawl Stone Soup version 0.27.1-4-g1640c2035a (webtiles) character file.

Game seed: 8956096798224340010

40007 pkoi the Basher (level 13, -3/108 HPs)
             Began as a Minotaur Fighter on Nov 10, 2021.
             Was the Champion of the Shining One.
             Slain by a dream sheep (13 damage)
             ... on level 6 of the Lair of Beasts.
             The game lasted 00:23:13 (20210 turns).

pkoi the Basher (Minotaur Fighter)                 Turns: 20210, Time: 00:23:14

Health: -3/108     AC: 16    Str: 26    XL:     13   Next: 72%
Magic:  17/17      EV: 14    Int:  5    God:    the Shining One [******]
Gold:   1384       SH:  0    Dex: 10    Spells: 12/12 levels left

rFire    . . .     SeeInvis .   E - +2 quarterstaff (speed)
rCold    + . .     Faith    .   (shield currently unavailable)
rNeg     + + +     Spirit   .   D - +0 steam dragon scales
rPois    .         Reflect  +   (helmet restricted)
rElec    .         Harm     .   m - +2 cloak {Will+}
rCorr    .         Rampage  .   k - +0 pair of gloves
Will     +....                  (no boots)
Stlth    +.........             j - amulet of reflection
HPRegen  0.28/turn              v - +4 ring of protection
MPRegen  0.15/turn              r - ring of protection from cold

@: about to teleport, sleeping, glowing
A: horns 2, retaliatory headbutt
a: Renounce Religion, Divine Shield, Cleansing Flame, Summon Divine Warrior,
Brand Weapon With Holy Wrath


You were on level 6 of the Lair of Beasts.
You worshipped the Shining One.
The Shining One was exalted by your worship.
You visited 3 branches of the dungeon, and saw 18 of its levels.
You also visited: Sewer and Ossuary.

You collected 1384 gold pieces.

Inventory:

Hand Weapons
 a - a +1 flail
 t - a +0 hand crossbow
 E - a +2 quarterstaff of speed (weapon)
Missiles
 p - a curare-tipped dart
 w - 10 javelins
 J - 2 throwing nets
 L - 16 poisoned darts
Armour
 c - a +0 kite shield
 k - a +0 pair of gloves (worn)
 m - a +2 cloak of willpower (worn)
 o - a +0 plate armour
 D - +0 steam dragon scales (worn)
Jewellery
 j - an amulet of reflection (around neck)
 r - a ring of protection from cold (right hand)
 v - a +4 ring of protection (left hand)
 C - an amulet of faith
Wands
 e - a wand of flame (10) (quivered)
 s - a wand of charming (20)
 F - a wand of digging (5)
 H - a wand of iceblast (13)
 K - a wand of acid (8)
Scrolls
 f - 2 scrolls of amnesia
 l - 3 scrolls of fear
 q - a scroll of teleportation
 y - 3 scrolls of holy word
 B - 2 scrolls of magic mapping
 G - 3 scrolls of fog
 M - a scroll of identify
Potions
 b - 7 potions of heal wounds
 d - 4 potions of might
 g - a potion of magic
 h - 2 potions of ambrosia
 i - 4 potions of haste
 n - 3 potions of berserk rage
 u - 2 potions of flight
 x - 2 potions of cancellation
 z - 3 potions of curing
 A - a potion of brilliance {unknown}
 I - 3 potions of resistance


   Skills:
 + Level 8.4 Fighting
 - Level 14.9(15.1) Maces & Flails
 + Level 3.7(10.7) Staves
 + Level 11.4 Armour
 + Level 7.4 Dodging
 + Level 12.5 Shields
 + Level 6.8 Invocations
 - Level 8.3 Evocations


You had 12 spell levels left.
You didn't know any spells.
Your spell library contained the following spells:

 Spells                   Type           Power      Damage    Failure   Level
 Animate Skeleton         Necr           0%         N/A       47%         1
 Corona                   Hex            0%         N/A       47%         1
 Pain                     Necr           0%         1d4       47%         1
 Shock                    Conj/Air       0%         1d3       47%         1
 Ensorcelled Hibernation  Hex/Ice        0%         N/A       63%         2
 Slow                     Hex            0%         N/A       63%         2
 Confusing Touch          Hex            0%         N/A       85%         3
 Conjure Flame            Conj/Fire      0%         6-21      85%         3
 Frozen Ramparts          Ice            0%         1d2       85%         3
 Gell's Gravitas          Tloc           0%         N/A       85%         3
 Ignite Poison            Fire/Tmut/Pois 0%         N/A       85%         3
 Lesser Beckoning         Tloc           0%         N/A       85%         3
 Ozocubu's Armour         Ice            0%         N/A       85%         3
 Swiftness                Air            0%         N/A       85%         3
 Teleport Other           Tloc           0%         N/A       85%         3
 Tukima's Dance           Hex            0%         N/A       85%         3
 Vampiric Draining        Necr           0%         2d6       85%         3
 Airstrike                Air            0%         N/A       99%         4
 Ice Form                 Ice/Tmut       0%         N/A       99%         4
 Leda's Liquefaction      Hex/Erth       0%         N/A       99%         4
 Sticky Flame             Conj/Fire      0%         2d3       99%         4
 Summon Ice Beast         Ice/Summ       0%         N/A       99%         4
 Bolt of Magma            Conj/Fire/Erth 0%         4d4       100%        5
 Yara's Violent Unravell  Hex/Tmut       0%         3d3       100%        5
 Iron Shot                Conj/Erth      0%         9d1       100%        6
 Statue Form              Tmut/Erth      0%         N/A       100%        6
 Ozocubu's Refrigeration  Ice            0%         4d5       100%        7
 Lehudib's Crystal Spear  Conj/Erth      0%         10d2      100%        8


Dungeon Overview and Level Annotations

Branches:
Dungeon (11/15)            Temple (1/1) D:4            Lair (6/6) D:9
 Shoals (0/4) Lair:2       Spider (0/4) Lair:4        Sewer (visited)
Ossuary (visited)
  Slime: Lair:5-6       Orc: D:9-12

Altars:
Ashenzari
Cheibriados
Dithmenos
Elyvilon
Fedhas
Gozag
Hepliaklqana
Kikubaaqudgha
Makhleb
Nemelex Xobeh
Okawaru
Qazlal
Ru
Sif Muna
Trog
Uskayaw
Vehumet
Wu Jian
Xom
Yredelemnul
Zin
The Shining One

Shops:
D:4 :

Annotations:
D:6 1 runed translucent door, Tirrikindir's ghost, novice OpFi
D:10 3 runed translucent doors, 0gre's ghost, novice GnCj
Lair:3 2 transporters, belegose's ghost, journeyman DjTm; hypoxyphilia's ghost, journeyman DjTm; waplegopp's ghost, journeyman TeBe


Innate Abilities, Weirdness & Mutations

You have a pair of horns on your head.
You reflexively headbutt those who attack you in melee.


Message History

The dream sheep bites you!
* * * LOW HITPOINT WARNING * * *
The dream sheep bites you.
* * * LOW HITPOINT WARNING * * *
You hit the dream sheep but do no damage.
You headbutt the dream sheep.
The dream sheep is heavily wounded.
You thump the dream sheep! Your headbutt misses the dream sheep.
The dream sheep is almost dead.
The dream sheep bites you but does no damage.
You block the dream sheep's attack. The dream sheep barely misses you.
The komodo dragon closely misses you.
Unknown command.
Unknown command.
You hit the dream sheep.
You kill the dream sheep!
Unknown command.
You sock the dream sheep!
The dream sheep is severely wounded.
The dream sheep bites you but does no damage.
You block the dream sheep's attack. You block the komodo dragon's attack.
The dream sheep barely misses you.
Unknown command.
You hit the dream sheep. Your headbutt misses the dream sheep.
The dream sheep is severely wounded.
Unknown command.
You thump the dream sheep!
You kill the dream sheep!
The dream sheep closely misses you. The dream sheep bites you.
* * * LOW HITPOINT WARNING * * *
The komodo dragon bites you!
* * * LOW HITPOINT WARNING * * *
Unknown command.
As you read the scroll of teleportation, it crumbles to dust.
You feel strangely unstable.
The dream sheep are wreathed in dream dust.
You feel drowsy...
You fall asleep.
The komodo dragon barely misses you. The dream sheep closely misses you.
The dream sheep bites you!
You die...

.. P( ....##
....##. .
.....## ....#P?
........#
......#
.#.......
#....P###.....(.
#.<..PY.....$.#
##.P..YYY...#
#..P.#l@Y..#
.##..YY###..#
.......P..##.##
.......PPF##l.#
...÷P......#.F#
.....##...#h###
....P #.).##.#
♣... #....####
.P.. ##...#


You could see 2 elephants, a komodo dragon and 5 dream sheep.

Vanquished Creatures
  4 hydras
  A two-headed ogre (D:7)
  6 death yaks
  A wolf spider (Lair:4)
  10 elephants
  Maurice (D:9)
  4 black mambas
  Joseph (D:8)
  A torpor snail (Lair:5)
  Maggie (D:8)
  13 cane toads
  4 rime drakes
  An unseen horror (D:11)
  5 komodo dragons
  2 trolls
  A jumping spider (Lair:4)
  Grinder (D:3)
  6 blink frogs
  2 dream sheep (Lair:6)
  2 redbacks (Lair:4)
  11 spriggans (Lair:1)
  A shadow (D:9)
  A basilisk (D:9)
  4 wyverns
  31 yaks
  An acid dragon (D:11)
  14 water moccasins
  Purgy (Sewer)
  3 black bears
  2 necrophages
  3 orc warriors (D:9)
  An ice beast (D:5)
  2 sky beasts
  A phantom (D:4)
  29 wolves
  3 centaurs
  An elf zombie (Ossuary)
  A kobold brigand (D:8)
  17 bullfrogs
  A gnoll sergeant (D:7)
  3 scorpions
  A water moccasin skeleton (D:6)
  8 killer bees
  2 howler monkeys
  17 wights
  A crimson imp (D:5)
  8 centaur zombies
  A centaur skeleton (D:6)
  3 hounds
  A jelly (D:6)
  2 human zombies (Ossuary)
  5 orc priests
  Crazy Yiuf (D:2)
  Jessica (D:3)
  An iguana (D:5)
  Terence (D:2)
  Natasha (thrice) (D:3)
  8 orc wizards
  A killer bee zombie (D:6)
  A hound zombie (D:5)
  3 mummies
  7 gnolls
  14 adders
  3 river rats (D:3)
  3 shadow imps
  A white imp (D:5)
  8 worms
  21 orcs
  11 bats
  9 endoplasms
  6 goblins
  5 hobgoblins
  2 jackals (Sewer)
  A quokka (D:1)
  6 ball pythons
  4 frilled lizards
  3 goblin zombies (Ossuary)
  11 hobgoblin zombies
  2 jackal zombies (Ossuary)
  15 kobolds
  10 kobold zombies (Ossuary)
  8 orc zombies
  9 rats
  A rat zombie (Ossuary)
427 creatures vanquished.

Vanquished Creatures (collateral kills)
  An elephant (Lair:5)
  3 blink frogs (Lair:5)
  A wolf (Lair:5)
5 creatures vanquished.

Vanquished Creatures (others)
  A wizard (D:6)
  12 fungi
  16 plants
29 creatures vanquished.

Grand Total: 461 creatures vanquished

Notes
Turn   | Place    | Note
-------+----------+-------------------------------------------
     0 | D:1      | pkoi the Minotaur Fighter began the quest for the Orb.
     0 | D:1      | Reached XP level 1. HP: 19/19 MP: 0/0
   125 | D:1      | Reached XP level 2. HP: 16/26 MP: 1/1
   231 | D:1      | Reached skill level 3 in Maces & Flails
   399 | D:1      | Reached XP level 3. HP: 20/31 MP: 2/2
  1024 | D:2      | Noticed Terence
  1036 | D:2      | Killed Terence
  1037 | D:2      | Reached skill level 4 in Maces & Flails
  1244 | D:2      | Reached skill level 5 in Shields
  1244 | D:2      | Reached XP level 4. HP: 37/39 MP: 3/3
  1578 | D:2      | Found a faded altar of an unknown god.
  1712 | D:2      | Found a runed translucent door.
  1713 | D:2      | Noticed Crazy Yiuf
  1966 | D:2      | Killed Crazy Yiuf
  2146 | D:3      | Identified a scroll of acquirement
  2146 | D:3      | Acquired 403 gold pieces
  2195 | D:3      | Noticed Jessica
  2199 | D:3      | Killed Jessica
  2200 | D:3      | Reached XP level 5. HP: 45/45 MP: 4/4
  2245 | D:3      | Reached skill level 5 in Maces & Flails
  2387 | D:3      | Found a glowing drain.
  2400 | Sewer    | Entered a sewer
  2415 | Sewer    | Reached XP level 6. HP: 44/51 MP: 5/5
  2497 | Sewer    | Noticed Purgy
  2506 | Sewer    | Killed Purgy
  2507 | Sewer    | Reached skill level 6 in Maces & Flails
  2683 | D:3      | Noticed Natasha
  2686 | D:3      | Killed Natasha
  2811 | D:3      | Noticed Natasha
  2815 | D:3      | Killed Natasha
  2867 | D:3      | Noticed Natasha
  2871 | D:3      | Killed Natasha
  2888 | D:3      | Noticed Grinder
  2923 | D:3      | Killed Grinder
  2924 | D:3      | Reached skill level 7 in Maces & Flails
  2924 | D:3      | Reached skill level 1 in Evocations
  2924 | D:3      | Reached XP level 7. HP: 7/57 MP: 6/6
  3325 | D:4      | Found a staircase to the Ecumenical Temple.
  3341 | Temple   | Entered the Ecumenical Temple
  3398 | Temple   | Became a worshipper of the Shining One
  3510 | D:4      | You fall into a shaft and drop 1 floor!
  3510 | D:5      | Entered Level 5 of the Dungeon
  3811 | D:5      | Reached skill level 5 in Armour
  3876 | D:5      | Reached skill level 8 in Maces & Flails
  3876 | D:5      | Reached XP level 8. HP: 64/64 MP: 7/7
  3981 | D:5      | Found a snail-covered altar of Cheibriados.
  4073 | D:5      | Found a burning altar of Makhleb.
  4342 | D:4      | Found Boonief's Book Shoppe.
  4501 | D:4      | Reached * piety under the Shining One
  4651 | D:4      | Found an ornate altar of the Wu Jian Council.
  4883 | D:5      | Found a white marble altar of Elyvilon.
  5399 | D:6      | Found a bloodstained altar of Trog.
  5402 | D:6      | Noticed a wizard
  5408 | D:6      | Killed a wizard
  5448 | D:6      | Reached skill level 9 in Maces & Flails
  5458 | D:6      | Found a runed translucent door.
  5460 | D:6      | Noticed Tirrikindir's ghost (novice OpFi)
  5547 | D:6      | Found an iron altar of Okawaru.
  5734 | D:6      | Noticed a troll
  5734 | D:6      | Reached ** piety under the Shining One
  5740 | D:6      | Killed a troll
  5741 | D:6      | Reached XP level 9. HP: 69/70 MP: 8/8
  6030 | D:6      | Reached skill level 10 in Maces & Flails
  6710 | D:7      | Reached *** piety under the Shining One
  6781 | D:7      | Noticed a two-headed ogre
  6796 | D:7      | Killed a two-headed ogre
  6797 | D:7      | Reached skill level 11 in Maces & Flails
  6797 | D:7      | Reached skill level 5 in Evocations
  6797 | D:7      | Reached XP level 10. HP: 16/77 MP: 9/9
  7641 | D:8      | Found a sand-covered staircase.
  7646 | Ossuary  | Entered an ossuary
  7669 | Ossuary  | Reached **** piety under the Shining One
  7763 | Ossuary  | Reached ***** piety under the Shining One
  7965 | D:8      | Noticed Maggie
  7980 | D:8      | Killed Maggie
  8050 | D:8      | Noticed Joseph
  8061 | D:8      | Killed Joseph
  8062 | D:8      | Reached skill level 10 in Shields
  8132 | D:8      | Reached skill level 1 in Dodging
  8241 | D:8      | Reached skill level 12 in Maces & Flails
  8283 | D:8      | Found a basalt altar of Yredelemnul.
  8291 | D:8      | Reached skill level 1 in Invocations
  8768 | D:9      | Found a staircase to the Lair.
  9095 | D:9      | Noticed Maurice
  9110 | D:9      | Killed Maurice
  9277 | D:9      | Reached XP level 11. HP: 77/82 MP: 11/11
  9429 | D:9      | Found a glowing silver altar of Zin.
  9429 | D:9      | Noticed an angel
  9865 | D:10     | Entered Level 10 of the Dungeon
  9909 | D:10     | Found a portal to a secret trove of treasure.
 10326 | D:10     | Found a runed translucent gate.
 10326 | D:10     | Found a runed translucent gate.
 10326 | D:10     | Found a runed translucent gate.
 10365 | D:10     | Identified the ring of Wishful Thinking {Fly rF+ EV+4
                  | Dex+6}
 10368 | D:10     | Noticed 0gre's ghost (novice GnCj)
 10523 | D:10     | Found a hide-covered altar of Uskayaw.
 10927 | D:11     | Noticed a five-headed hydra
 10935 | D:11     | Killed a five-headed hydra
 10936 | D:11     | Reached skill level 13 in Maces & Flails
 10988 | D:11     | Noticed a boulder beetle
 11071 | Lair:1   | Entered Level 1 of the Lair of Beasts
 11071 | Lair:1   | Reached ****** piety under the Shining One
 11165 | Lair:1   | Noticed a four-headed hydra
 11174 | Lair:1   | Killed a four-headed hydra
 11329 | Lair:1   | Noticed a four-headed hydra
 11337 | Lair:1   | Killed a four-headed hydra
 11439 | Lair:1   | Reached skill level 5 in Fighting
 12233 | Lair:1   | Reached XP level 12. HP: 90/94 MP: 14/14
 12595 | Lair:1   | Noticed a five-headed hydra
 12606 | Lair:1   | Killed a five-headed hydra
 12607 | Lair:1   | Reached skill level 10 in Armour
 12607 | Lair:1   | Reached skill level 5 in Dodging
 12616 | Lair:1   | Reached skill level 14 in Maces & Flails
 13059 | Lair:2   | Noticed a death yak
 13060 | Lair:2   | Noticed a death yak
 13062 | Lair:2   | Noticed a death yak
 13063 | Lair:2   | Noticed a death yak
 13215 | Lair:2   | Reached skill level 5 in Invocations
 13332 | Lair:2   | Got the Tome of Poisoning and Earth
 13442 | Lair:2   | Killed a death yak
 13448 | Lair:2   | Killed a death yak
 13825 | Lair:2   | Killed a death yak
 13843 | Lair:2   | Killed a death yak
 14137 | Lair:2   | Found a staircase to the Shoals.
 14494 | Lair:3   | Found a transporter.
 14496 | Lair:3   | Noticed waplegopp's ghost (journeyman TeBe)
 14501 | Lair:3   | Noticed hypoxyphilia's ghost (journeyman DjTm)
 14502 | Lair:3   | Noticed belegose's ghost (journeyman DjTm)
 14510 | Lair:3   | Found a transporter.
 15648 | Lair:3   | Reached XP level 13. HP: 48/105 MP: 16/16
 16990 | Lair:4   | Found a hole to the Spider Nest.
 17639 | Lair:4   | Reached skill level 1 in Staves
 20158 | Lair:6   | Entered Level 6 of the Lair of Beasts
 20210 | Lair:6   | Slain by a dream sheep

Illustrated notes

Levels and vault maps discovered:
D:1:      psy_arrival_statuary, layout_loops_ring, roderic_roman_lattice
D:2:      layout_loops_ring, chequers_ecumenical_altar_simple_redux,
          uniq_crazy_yiuf_cottage, uniq_terence
D:3:      layout_rooms, lightli_sewer_entry_pipes, glass_columns_c,
          uniq_natasha, uniq_grinder, uniq_jessica
D:4:      layout_basic, nicolae_wu_jian_immortal_techniques,
          minmay_temple_entry_large_hall, serial_shops, nicolae_diamond_shop
D:5:      layout_loops_cross, makhleb_grotto_becter, elyvilon_altar_4,
          lemuel_coloured_pillars_altar
D:6:      minmay_opposing_rooms, layout_loops_ring,
          mainiacjoe_overflow_brackets, trog_wizard,
          ebering_ghost_reflecting_pool
D:7:      layout_basic
D:8:      layout_basic, amcnicky_altar_gilded, nicolae_ossuary_entry_giza,
          uniq_maggie, uniq_joseph
D:9:      layout_rooms, zin_angel, david_lair_generic, uniq_maurice
D:10:     layout_irregular_city, mainiacjoe_overflow_alcove_1, enter_trove_1,
          gammafunk_ghost_nasty_kobolds, minmay_misc_feat_more_columns
D:11:     cheibrodos_orc_bank, layout_grid_maze, david_orc_5,
          gammafunk_ghost_ooze, wad_hexagon
Temple:   cyrus_circular_temple
Lair:1:   kb_forest_paths, layout_chaotic_city
Lair:2:   layout_loops_ring, shoals_dummy_entry, grunt_megastairs_4
Lair:3:   layout_gridlike, nzn_ghost_randoct, grunt_megastairs_2
Lair:4:   layout_hall_layers, spider_nest_entry_funnel_web
Lair:5:   layout_roguey, infiniplex_staircase_pool_2
Lair:6:   grunt_lair_end_beastmaster, layout_layer_cave,
          minmay_slime_entry_oklob_open

Skill      XL: |  1  2  3  4  5  6  7  8  9 10 11 12 13 |
---------------+----------------------------------------+-----
Shields        | 4 5 6 7 8 9 10 11 12 | 12.5
Maces & Flails | 3 4 5 7 8 9 11 12 13 14 | 14.9
Armour         | 4 5 6 7 8 9 10 11 | 11.4
Evocations     | 1 2 3 5 6 7 8 |  8.3
Dodging        | 2 4 6 7 |  7.4
Invocations    | 2 4 5 6 |  6.8
Fighting       | 5 7 8 |  8.4
Staves         | 3 |  3.7

Action                   |  1- 3 |  4- 6 |  7- 9 | 10-12 | 13-15 || total
-------------------------+-------+-------+-------+-------+-------++-------
Melee: Flail             |    87 |   138 |   285 |   153 |       ||   663
       Headbutt          |    21 |    22 |    50 |   174 |   103 ||   370
       Quarterstaff      |       |       |       |   641 |   397 ||  1038
Invok: Summon Divine War |       |       |       |       |     1 ||     1
Evoke: Wand              |       |     3 |     4 |    30 |     4 ||    41
  Use: Scroll            |       |     6 |    10 |    10 |     2 ||    28
       Potion            |       |       |       |       |     1 ||     1
Armor: Scale mail        |    48 |    66 |       |       |       ||   114
       Plate armour      |       |    18 |   145 |    46 |       ||   209
       Steam dragon scal |       |       |       |   160 |   132 ||   292
Dodge: Dodged            |    27 |    41 |    52 |   238 |   193 ||   551
Block: Kite shield       |    48 |    75 |   172 |    99 |       ||   394
       Other             |       |       |       |    89 |    78 ||   167
       Reflection        |       |       |       |       |     1 ||     1
